| TOP OF THE 1ST |
|
Memphis Redbirds batting - Pitching for Oklahoma City Dodgers : RHP Steve Mintz
|
|
Pitching: RHP Steve Mintz
|
|
|
Batting: RHB Joe LaDue
|
0-0: Ball 1-0: Ball 2-0: Ball 3-0: Called Strike 3-1: Called Strike 3-2: Base on Balls
|
|
Batting: RHB Tyler Walker
|
0-0: Ball 1-0: Called Strike 1-1: Ball 2-1: Ball 3-1: Called Strike 3-2: Base on Balls Joe LaDue to second
|
|
Batting: SHB Gerardo Macias
|
0-0: Called Strike 0-1: Ball 1-1: Foul Ball, location: 2F 1-2: Strikes out swinging
|
|
Batting: RHB Joe Alley
|
0-0: Called Strike 0-1: Ball 1-1: Called Strike 1-2: Fielders Choice at 2nd, 5-4 (Groundball, 56, EV 100.0 MPH) Joe LaDue to third
|
|
Batting: RHB Andres Mendiola
|
0-0: Swinging Strike 0-1: Ball 1-1: Fly out, F8 (Flyball, 8RD, EV 100.0 MPH)
|
| Top of the 1st over - 0 runs, 0 hits, 0 errors, 2 left on base; Memphis 0 - Oklahoma City 0 |
| BOTTOM OF THE 1ST |
|
Oklahoma City Dodgers batting - Pitching for Memphis Redbirds : RHP Marcos Vergara
|
|
Pitching: RHP Marcos Vergara
|
|
|
Batting: RHB Jose Ramirez
|
0-0: Ball 1-0: Ball 2-0: Called Strike 2-1: Foul Ball, location: 2F 2-2: Strikes out swinging
|
|
Batting: RHB Jason Baldwin
|
0-0: Called Strike 0-1: Ball 1-1: Ball 2-1: Ball 3-1: Called Strike 3-2: Foul Ball, location: 2F 3-2: Foul Ball, location: 2F 3-2: Foul Ball, location: 2F 3-2: Base on Balls
|
|
Batting: RHB John Piccolo
|
0-0: Ball 1-0: Called Strike 1-1: Swinging Strike 1-2: Foul Ball, location: 2F 1-2: Ball Jason Baldwin is caught stealing 2nd base 2-4 2-2: Ball 3-2: Foul Ball, location: 2F 3-2: Foul Ball, location: 2F 3-2: Strikes out swinging
|
| Bottom of the 1st over - 0 runs, 0 hits, 0 errors, 0 left on base; Memphis 0 - Oklahoma City 0 |
| TOP OF THE 2ND |
|
Memphis Redbirds batting - Pitching for Oklahoma City Dodgers : RHP Steve Mintz
|
|
Batting: RHB Dan Boykins
|
0-0: Foul Ball, location: 2F 0-1: Swinging Strike 0-2: Strikes out looking
|
|
Batting: RHB Mark Cahill
|
0-0: Ball 1-0: Ball 2-0: Called Strike 2-1: Foul Ball, location: 2F 2-2: Ball 3-2: Base on Balls
|
|
Batting: LHB Ronnie Ashley
|
0-0: Fly out, F7 (Flyball, 7D, EV 81.9 MPH)
|
|
Batting: RHB Tommy Tracy
|
0-0: Ball 1-0: Ball 2-0: Called Strike 2-1: Fly out, F3 (Popup, 23, EV 88.8 MPH)
|
| Top of the 2nd over - 0 runs, 0 hits, 0 errors, 1 left on base; Memphis 0 - Oklahoma City 0 |
| BOTTOM OF THE 2ND |
|
Oklahoma City Dodgers batting - Pitching for Memphis Redbirds : RHP Marcos Vergara
|
|
Batting: RHB Carlos Gonzalez
|
0-0: Ground out 5-3 (Groundball, 5L, EV 91.2 MPH)
|
|
Batting: RHB Tommy Hunter
|
0-0: Ball 1-0: Foul Ball, location: 2F 1-1: Ball 2-1: Ball 3-1: Called Strike 3-2: Foul Ball, location: 2F 3-2: Base on Balls
|
|
Batting: LHB Darrell Ortega
|
0-0: Called Strike 0-1: Ball 1-1: Fly out, F6 (Popup, 6, EV 77.5 MPH)
|
|
Batting: RHB Justin Curran
|
0-0: Ball Tommy Hunter steals 2nd base 1-0: Called Strike 1-1: Fly out, F7 (Flyball, 7, EV 82.5 MPH)
|
| Bottom of the 2nd over - 0 runs, 0 hits, 0 errors, 1 left on base; Memphis 0 - Oklahoma City 0 |
| TOP OF THE 3RD |
|
Memphis Redbirds batting - Pitching for Oklahoma City Dodgers : RHP Steve Mintz
|
|
Batting: RHB Joe LaDue
|
0-0: Called Strike 0-1: Ground out 4-3 (Groundball, 4, EV 84.4 MPH)
|
|
Batting: RHB Tyler Walker
|
0-0: Ball 1-0: Ball 2-0: Foul Ball, location: 2F 2-1: Swinging Strike 2-2: Ball 3-2: Fly out, F8 (Flyball, 8RM, EV 88.8 MPH)
|
|
Batting: SHB Gerardo Macias
|
0-0: Ball 1-0: Swinging Strike 1-1: Ball 2-1: Ground out 4-3 (Groundball, 4, EV 107.5 MPH)
|
| Top of the 3rd over - 0 runs, 0 hits, 0 errors, 0 left on base; Memphis 0 - Oklahoma City 0 |
| BOTTOM OF THE 3RD |
|
Oklahoma City Dodgers batting - Pitching for Memphis Redbirds : RHP Marcos Vergara
|
|
Batting: LHB Nate Kee
|
0-0: Called Strike 0-1: Foul Ball, location: 2F 0-2: Ball 1-2: Ball 2-2: SINGLE (Line Drive, 4M, EV 106.9 MPH)
|
|
Batting: RHB Mike Kaczor
|
0-0: Ball 1-0: Called Strike 1-1: Swinging Strike 1-2: Ball 2-2: Foul Ball, location: 2F 2-2: Fly out, F7 (Flyball, 7S, EV 96.9 MPH)
|
|
Batting: RHB Jose Ramirez
|
0-0: Ball 1-0: Called Strike 1-1: Grounds into double play, 4-6-3 (Groundball, 4, EV 106.9 MPH)
|
| Bottom of the 3rd over - 0 runs, 1 hit, 0 errors, 0 left on base; Memphis 0 - Oklahoma City 0 |
| TOP OF THE 4TH |
|
Memphis Redbirds batting - Pitching for Oklahoma City Dodgers : RHP Steve Mintz
|
|
Batting: RHB Joe Alley
|
0-0: Fly out, F9 (Flyball, 9, EV 98.1 MPH)
|
|
Batting: RHB Andres Mendiola
|
0-0: Ball 1-0: Called Strike 1-1: Ball 2-1: Ball 3-1: Swinging Strike 3-2: Strikes out swinging
|
|
Batting: RHB Dan Boykins
|
0-0: Ball 1-0: Called Strike 1-1: Foul Ball, location: 2F 1-2: Foul Ball, location: 2F 1-2: Foul Ball, location: 2F 1-2: Ball 2-2: Ball 3-2: Base on Balls
|
|
Batting: RHB Mark Cahill
|
0-0: SINGLE (Flyball, 8LS, EV 95.6 MPH) Dan Boykins to second
|
|
Batting: LHB Ronnie Ashley
|
0-0: Swinging Strike 0-1: Called Strike 0-2: Strikes out swinging
|
| Top of the 4th over - 0 runs, 1 hit, 0 errors, 2 left on base; Memphis 0 - Oklahoma City 0 |
| BOTTOM OF THE 4TH |
|
Oklahoma City Dodgers batting - Pitching for Memphis Redbirds : RHP Marcos Vergara
|
|
Batting: RHB Jason Baldwin
|
0-0: Called Strike 0-1: Foul Ball, location: 2F 0-2: Ground out 6-3 (Groundball, 6, EV 105.6 MPH)
|
|
Batting: RHB John Piccolo
|
0-0: Fly out, F4 (Popup, 34S, EV 75.0 MPH)
|
|
Batting: RHB Carlos Gonzalez
|
0-0: Ball 1-0: SOLO HOME RUN (Flyball, 7LD, EV 89.4 MPH), Distance : 341 ft
|
|
Batting: RHB Tommy Hunter
|
0-0: Ball 1-0: SINGLE (Line Drive, 7S, EV 91.9 MPH)
|
|
Batting: LHB Darrell Ortega
|
0-0: Ball 1-0: Ball Tommy Hunter steals 2nd, throwing error, E2 Tommy Hunter to third 2-0: Ball 3-0: Called Strike 3-1: Base on Balls
|
|
Batting: RHB Justin Curran
|
0-0: Ball 1-0: Foul Ball, location: 2F 1-1: Ball 2-1: Fielders Choice at 2nd, 5-4 (Groundball, 5, EV 110.0 MPH)
|
| Bottom of the 4th over - 1 run, 2 hits, 1 error, 2 left on base; Memphis 0 - Oklahoma City 1 |
| TOP OF THE 5TH |
|
Memphis Redbirds batting - Pitching for Oklahoma City Dodgers : RHP Steve Mintz
|
|
Batting: RHB Tommy Tracy
|
0-0: Called Strike 0-1: Ball 1-1: Hit by Pitch
|
|
Batting: RHB Joe LaDue
|
0-0: Called Strike 0-1: Called Strike 0-2: DOUBLE (Line Drive, 8RXD, EV 109.4 MPH) Tommy Tracy to third
|
|
Batting: RHB Tyler Walker
|
0-0: Called Strike 0-1: Ball 1-1: Swinging Strike 1-2: Foul Ball, location: 2F 1-2: Ball 2-2: Strikes out swinging
|
|
Batting: SHB Gerardo Macias
|
0-0: Foul Ball, location: 2F 0-1: Swinging Strike 0-2: Ball Wild Pitch! Tommy Tracy scores Joe LaDue to third 1-2: Ball 2-2: Foul Ball, location: 2F 2-2: Foul Ball, location: 2F 2-2: Ball 3-2: Foul Ball, location: 2F 3-2: SINGLE (Groundball, 4, EV 97.5 MPH) Joe LaDue scores
|
|
Batting: RHB Joe Alley
|
0-0: Ball 1-0: Foul Ball, location: 2F 1-1: Ball 2-1: Called Strike 2-2: Ball 3-2: Foul Ball, location: 2F 3-2: Fly out, F4 (Popup, 4S, EV 71.2 MPH)
|
|
Pitching: RHP Alex Vasquez
|
|
|
Batting: RHB Andres Mendiola
|
0-0: Called Strike 0-1: Foul Ball, location: 2F 0-2: Ball 1-2: Strikes out swinging
|
| Top of the 5th over - 2 runs, 2 hits, 0 errors, 1 left on base; Memphis 2 - Oklahoma City 1 |
| BOTTOM OF THE 5TH |
|
Oklahoma City Dodgers batting - Pitching for Memphis Redbirds : RHP Marcos Vergara
|
|
Batting: LHB Nate Kee
|
0-0: Called Strike 0-1: Foul Ball, location: 2F 0-2: DOUBLE (Line Drive, 9LS, EV 107.5 MPH)
|
|
Batting: RHB Mike Kaczor
|
0-0: Ball 1-0: Ball 2-0: Foul Ball, location: 2F 2-1: Swinging Strike 2-2: Ball 3-2: Foul Ball, location: 2F 3-2: Base on Balls
|
|
Pitching: RHP Doug Nickey
|
|
|
Pinch Hitting: LHB Steve Pond
|
0-0: Called Strike 0-1: Ball 1-1: Called Strike 1-2: Ball 2-2: Strikes out looking
|
|
Batting: RHB Jason Baldwin
|
0-0: Ball 1-0: Called Strike 1-1: Foul Ball, location: 2F 1-2: Ball 2-2: Strikes out looking
|
|
Batting: RHB John Piccolo
|
0-0: Called Strike 0-1: Swinging Strike 0-2: Ball 1-2: Strikes out looking
|
| Bottom of the 5th over - 0 runs, 1 hit, 0 errors, 2 left on base; Memphis 2 - Oklahoma City 1 |
| TOP OF THE 6TH |
|
Memphis Redbirds batting - Pitching for Oklahoma City Dodgers : RHP Alex Vasquez
|
|
Now at SS: Nate Kee
|
|
|
Now in LF: Steve Pond
|
|
|
Batting: RHB Dan Boykins
|
0-0: Ball 1-0: Fly out, F9 (Flyball, 9D, EV 96.9 MPH)
|
|
Batting: RHB Mark Cahill
|
0-0: Called Strike 0-1: Ball 1-1: Ball 2-1: Foul Ball, location: 2F 2-2: Ball 3-2: Strikes out swinging
|
|
Batting: LHB Ronnie Ashley
|
0-0: Called Strike 0-1: Ground out U3 (Groundball, 23, EV 79.4 MPH)
|
| Top of the 6th over - 0 runs, 0 hits, 0 errors, 0 left on base; Memphis 2 - Oklahoma City 1 |
| BOTTOM OF THE 6TH |
|
Oklahoma City Dodgers batting - Pitching for Memphis Redbirds : RHP Doug Nickey
|
|
Batting: RHB Carlos Gonzalez
|
0-0: Swinging Strike 0-1: Ball 1-1: Called Strike 1-2: Fly out, F4 (Popup, 3S, EV 80.6 MPH)
|
|
Batting: RHB Tommy Hunter
|
0-0: Ball 1-0: Fly out, F7 (Flyball, 7S, EV 87.5 MPH)
|
|
Batting: LHB Darrell Ortega
|
0-0: Ball 1-0: Called Strike 1-1: Foul Ball, location: 2F 1-2: Foul Ball, location: 2F 1-2: Ball 2-2: Ground out 1-3 (Groundball, 34S, EV 73.1 MPH)
|
| Bottom of the 6th over - 0 runs, 0 hits, 0 errors, 0 left on base; Memphis 2 - Oklahoma City 1 |
| TOP OF THE 7TH |
|
Memphis Redbirds batting - Pitching for Oklahoma City Dodgers : RHP Alex Vasquez
|
|
Pitching: RHP Balinda Msrah
|
|
|
Batting: RHB Tommy Tracy
|
0-0: Called Strike 0-1: Called Strike 0-2: Foul Ball, location: 2F 0-2: Strikes out swinging
|
|
Batting: RHB Joe LaDue
|
0-0: Ball 1-0: Ball 2-0: Swinging Strike 2-1: Foul Ball, location: 2F 2-2: Strikes out swinging, 2-3 out at first.
|
|
Batting: RHB Tyler Walker
|
0-0: Ball 1-0: Fly out, F9 (Flyball, 9, EV 87.5 MPH)
|
| Top of the 7th over - 0 runs, 0 hits, 0 errors, 0 left on base; Memphis 2 - Oklahoma City 1 |
| BOTTOM OF THE 7TH |
|
Oklahoma City Dodgers batting - Pitching for Memphis Redbirds : RHP Doug Nickey
|
|
Pitching: RHP Lorenzo Merjil
|
|
|
Batting: RHB Justin Curran
|
0-0: Ball 1-0: Foul Ball, location: 2F 1-1: SINGLE (Groundball, 6D, EV 96.2 MPH)
|
|
Batting: LHB Nate Kee
|
0-0: Called Strike 0-1: Foul Ball, location: 2F 0-2: Strikes out looking
|
|
Batting: RHB Mike Kaczor
|
0-0: Called Strike 0-1: Ball 1-1: Called Strike 1-2: Hit by Pitch Justin Curran to second
|
|
Batting: LHB Steve Pond
|
0-0: Called Strike 0-1: Foul Ball, location: 2F 0-2: Foul Ball, location: 2F 0-2: Foul Ball, location: 2F 0-2: Ball 1-2: Strikes out swinging
|
|
Pinch Hitting: LHB Chris Buchan
|
0-0: Ball 1-0: Ball 2-0: Foul Ball, location: 2F 2-1: Foul Ball, location: 2F 2-2: Strikes out swinging
|
| Bottom of the 7th over - 0 runs, 1 hit, 0 errors, 2 left on base; Memphis 2 - Oklahoma City 1 |
| TOP OF THE 8TH |
|
Memphis Redbirds batting - Pitching for Oklahoma City Dodgers : RHP Balinda Msrah
|
|
Pitching: LHP Avon Barksdale
|
|
|
Now at 1B: Chris Buchan
|
|
|
Now at 2B: John Piccolo
|
|
|
Batting: SHB Gerardo Macias
|
0-0: Fly out, F9 (Line Drive, 9, EV 96.9 MPH)
|
|
Batting: RHB Joe Alley
|
0-0: Foul Ball, location: 2F 0-1: Called Strike 0-2: Ball 1-2: Foul Ball, location: 2F 1-2: SINGLE (Groundball, 6MD, EV 97.5 MPH)
|
|
Batting: RHB Andres Mendiola
|
0-0: Ball Wild Pitch! Joe Alley to second 1-0: Ball 2-0: Foul Ball, location: 2F 2-1: Called Strike 2-2: Foul Ball, location: 2F 2-2: Foul Ball, location: 2F 2-2: Strikes out swinging
|
|
Batting: RHB Dan Boykins
|
0-0: Foul Ball, location: 2F 0-1: Swinging Strike 0-2: Ball 1-2: Ball 2-2: Ball 3-2: Base on Balls
|
|
Batting: RHB Mark Cahill
|
0-0: Ball 1-0: Ball 2-0: Ball 3-0: Called Strike 3-1: Foul Ball, location: 2F 3-2: Foul Ball, location: 2F 3-2: Base on Balls Joe Alley to third Dan Boykins to second
|
|
Batting: LHB Ronnie Ashley
|
0-0: Ball 1-0: Called Strike 1-1: Called Strike 1-2: Foul Ball, location: 2F 1-2: Strikes out swinging
|
| Top of the 8th over - 0 runs, 1 hit, 0 errors, 3 left on base; Memphis 2 - Oklahoma City 1 |
| BOTTOM OF THE 8TH |
|
Oklahoma City Dodgers batting - Pitching for Memphis Redbirds : RHP Lorenzo Merjil
|
|
Pitching: LHP Kenji Yokoyama
|
|
|
Batting: RHB John Piccolo
|
0-0: Called Strike 0-1: Ball 1-1: Ball 2-1: Foul Ball, location: 2F 2-2: DOUBLE (Line Drive, 78M, EV 95.0 MPH)
|
|
Batting: RHB Carlos Gonzalez
|
0-0: Ball 1-0: SINGLE (Groundball, 34D, EV 97.5 MPH) John Piccolo to third
|
|
Batting: RHB Tommy Hunter
|
0-0: Ball 1-0: Ball 2-0: Called Strike 2-1: Swinging Strike 2-2: Ball 3-2: Foul Ball, location: 2F 3-2: Strikes out swinging
|
|
Batting: LHB Darrell Ortega
|
0-0: Called Strike 0-1: Grounds into double play, 1-6-3 (Groundball, 34S, EV 71.9 MPH)
|
| Bottom of the 8th over - 0 runs, 2 hits, 0 errors, 1 left on base; Memphis 2 - Oklahoma City 1 |
| TOP OF THE 9TH |
|
Memphis Redbirds batting - Pitching for Oklahoma City Dodgers : LHP Avon Barksdale
|
|
Pitching: RHP Jared Wisham
|
|
|
Batting: RHB Tommy Tracy
|
0-0: Called Strike 0-1: SINGLE (Line Drive, 4MD, EV 98.8 MPH)
|
|
Batting: RHB Joe LaDue
|
0-0: Bunt missed! 0-1: Sac Bunt to 13 - play at first, batter OUT! 1-3 Tommy Tracy to second
|
|
Batting: RHB Tyler Walker
|
0-0: Ball 1-0: Called Strike 1-1: Foul Ball, location: 2F 1-2: Ball 2-2: Strikes out swinging
|
|
Batting: SHB Gerardo Macias
|
0-0: Called Strike 0-1: Ball 1-1: Foul Ball, location: 2F 1-2: Ground out 4-3 (Groundball, 34, EV 85.0 MPH)
|
| Top of the 9th over - 0 runs, 1 hit, 0 errors, 1 left on base; Memphis 2 - Oklahoma City 1 |
| BOTTOM OF THE 9TH |
|
Oklahoma City Dodgers batting - Pitching for Memphis Redbirds : LHP Kenji Yokoyama
|
|
Pitching: RHP Joe Spencer
|
|
|
Batting: RHB Justin Curran
|
0-0: Swinging Strike 0-1: Ground out 5-3 (Groundball, 5D, EV 111.9 MPH)
|
|
Batting: LHB Nate Kee
|
0-0: Called Strike 0-1: Swinging Strike 0-2: Strikes out swinging
|
|
Pinch Hitting: LHB Cory Bowler
|
0-0: Ball 1-0: Swinging Strike 1-1: Foul Ball, location: 2F 1-2: Strikes out looking
|
| Bottom of the 9th over - 0 runs, 0 hits, 0 errors, 0 left on base; Memphis 2 - Oklahoma City 1 |
|